 Dungeon Crawl Stone Soup version 0.22-a0-307-g2b15929 (webtiles) character file.

93 grizmgrazm2 the Skirmisher (level 4, -1/39 (40) HPs)
             Began as a Ghoul Abyssal Knight on Apr 1, 2018.
             Was a Believer of Lugonu.
             Slain by a hound (4 damage)
             ... on level 4 of the Dungeon.
             The game lasted 00:05:02 (1658 turns).

grizmgrazm2 the Skirmisher (Ghoul Abyssal Knight)   Turns: 1658, Time: 00:05:03

HP:   -1/39 (40)    AC:  3    Str: 16    XL:     4   Next: 62%
MP:   4/5           EV: 11    Int:  7    God:    Lugonu [**....]
Gold: 120           SH:  0    Dex:  8    Spells: 3/3 levels left

rFire    . . .     SeeInvis .   a - +1 hand axe
rCold    + . .     Gourm    .   (no shield)
rNeg     + + +     Faith    .   b - +0 leather armour
rPois    ∞         Spirit   .   (no helmet)
rElec    .         Reflect  .   (no cloak)
rCorr    .         Harm     .   (no gloves)
MR       .....                  (no boots)
Stlth    +.........             (no amulet)
HPRegen  0.00/turn              e - ring of positive energy
MPRegen  0.09/turn              (no ring)

@: rotting
A: rotting body, claws 1, carnivore, cold resistance 1, negative energy
resistance 3, inhibited regeneration, torment resistance, unbreathing
a: Depart the Abyss, Bend Space, Renounce Religion


You were on level 4 of the Dungeon.
You worshipped Lugonu.
Lugonu was pleased with you.
You were not hungry.

You visited 1 branch of the dungeon, and saw 4 of its levels.
You visited the Abyss 1 time.

You collected 120 gold pieces.

Inventory:

Hand Weapons
 a - a +1 hand axe (weapon)
Armour
 b - a +0 leather armour (worn)
Jewellery
 e - a ring of positive energy (left claw)
Potions
 d - a potion of magic
 g - a potion of curing
 i - a potion of haste
 k - a potion of brilliance {unknown}
 n - a potion of agility {unknown}
Comestibles
 c - 3 rations


   Skills:
 + Level 4.1 Fighting
 + Level 2.7 Axes
 + Level 2.2 Armour
 + Level 1.3 Dodging
 * Level 2.7 Invocations


You had 3 spell levels left.
You didn't know any spells.

Dungeon Overview and Level Annotations

Branches:
Dungeon (3/15)

Altars:
Qazlal

Annotations:
D:3 Robin


Innate Abilities, Weirdness & Mutations

Your body is rotting away.
You thrive on raw meat.
You are immune to poison.
You have sharp fingernails.
You are carnivorous and can eat meat at any time.
Your flesh is cold resistant. (rC+)
You are immune to negative energy. (rN+++)
You do not regenerate when monsters are visible.
You are immune to unholy pain and torment.
You can survive without breathing.


Message History

You barely miss the howler monkey.
The hound stops to sniff the ground.
The howler monkey barely misses you.
You hit the howler monkey but do no damage.
You feel your flesh rotting away. The howler monkey hits you!
* * * LOW HITPOINT WARNING * * *
The howler monkey hits you.
* * * LOW HITPOINT WARNING * * *
An adder comes into view.
Space bends around you!
You blink.
An adder skeleton comes into view.
The howler monkey hoots and howls with incredible vigour!
You hear an angry hiss.
You hear a loud, deep croak!
You hear a shout! x2
The hound bites you.
* * * LOW HITPOINT WARNING * * *
Found an escape hatch in the floor.
The hound barely misses you. The hound bites you.
You die...

#.b.|.# #.....#
#.....## #......
#.....# #
#....>#.#
#.......+## #Z
#..@....... #.
##.h######## #.
#..## #. #h##
#.##Z# . ##.#..#
.. ##....## ...
##.....###. ?..S
#..........#.....


You could see a howler monkey, a hound, a bat and an adder skeleton.

Vanquished Creatures
  A gnoll (D:1)
  3 adders
  4 worms (D:2)
  2 dart slugs
  6 giant cockroaches
  4 goblins
  5 hobgoblins
  3 jackals (D:1)
  A quokka (D:2)
  3 bats (D:1)
  2 frilled lizards
  5 kobolds
  3 rats
42 creatures vanquished.

Notes
Turn   | Place    | Note
-------+----------+-------------------------------------------
     0 | Abyss:1  | grizmgrazm2 the Ghoul Abyssal Knight began the quest for the Orb.
     0 | Abyss:1  | Reached XP level 1. HP: 19/19 MP: 1/1
    13 | D:1      | Escaped the Abyss
    29 | D:1      | Reached skill level 1 in Dodging
    58 | D:1      | Reached XP level 2. HP: 14/27 MP: 2/2
   414 | D:1      | Reached XP level 3. HP: 32/33 MP: 3/3
   845 | D:2      | Reached skill level 4 in Fighting
   900 | D:2      | Reached ** piety under Lugonu
  1118 | D:2      | Reached XP level 4. HP: 29/40 MP: 4/4
  1236 | D:2      | Found a stormy altar of Qazlal.
  1590 | D:3      | Noticed Robin
  1621 | D:3      | You fall through a shaft!
  1658 | D:4      | Slain by a hound

Vault maps used:
D:1:      minmay_arrival_stone_box, minmay_pentomino_v2
D:2:      lemuel_round_altar, first_ration, due_unseen_surprise
D:3:      chequers_ecumenical_altar_twisty, uniq_robin
D:4:      kennysheep_the_goblin_king, nicolae_ru_great_annihilating_truth,
          temple_pool_b, serial_shops, shop, nicolae_shop_window_shopping, shop,
          shop, corexii_checkpoint_b

Skill      XL: |  1  2  3 |
---------------+----------+-----
Dodging        | 1 |  1.3
Armour         | 2 |  2.2
Axes           | 2 |  2.7
Fighting       | 4 |  4.1
Invocations    | |  2.7

Action                   |  1- 3 |  4- 6 || total
-------------------------+-------+-------++-------
Melee: Hand axe          |   125 |    73 ||   198
Invok: Bend Space        |       |     1 ||     1
  Use: Scroll            |     1 |     6 ||     7
  Eat: Chunk             |    28 |    10 ||    38
Armor: Leather armour    |    60 |    14 ||    74
Dodge: Dodged            |    91 |    50 ||   141

Table legend:
 A = Spawn XP
 B = Non-spawn XP
 C = Spawn XP percentage of total XP
 D = Spawn monster count
 E = Non-spawn monster count
 F = Spawn count percentage of total count
 G = Total turns spent on level
                    A         B        C        D         E        F      G
               +---------+---------+-------+---------+---------+-------+---------
         Total |       0 |     134 |   0.0 |       0 |      42 |   0.0 |  1658
               +---------+---------+-------+---------+---------+-------+---------
           D:1 |       0 |      50 |   0.0 |       0 |      22 |   0.0 |   629
           D:2 |       0 |      52 |   0.0 |       0 |      16 |   0.0 |   839
           D:3 |       0 |      32 |   0.0 |       0 |       4 |   0.0 |   140
               +---------+---------+-------+---------+---------+-------+---------
